 Dungeon Crawl Stone Soup version 0.21.1-1-g345015fe64 (webtiles) character file.

7193 robveelben the Cleaver (level 10, -22/77 HPs)
             Began as a Demonspawn Berserker on May 31, 2018.
             Was a High Priest of Trog.
             Annihilated by a white ugly thing (28 damage)
             ... on level 10 of the Dungeon.
             The game lasted 01:33:00 (8683 turns).

robveelben the Cleaver (Demonspawn Berserker)       Turns: 8683, Time: 01:33:01

Health: -22/77     AC: 15    Str: 24    XL:     10   Next: 87%
Magic:  10/10      EV: 11    Int: 12    God:    Trog [*****.]
Gold:   393        SH: 11    Dex: 18    Spells: 9/9 levels left

rFire    . . .     SeeInvis .   s - +0 war axe
rCold    . . .     Gourm    .   t - +2 shield
rNeg     . . .     Faith    .   h - +6 scale mail
rPois    .         Spirit   .   (helmet restricted)
rElec    .         Reflect  .   (no cloak)
rCorr    .         Harm     .   (no gloves)
MR       .....                  F - +1 pair of boots "Jyffecia" {Str+4 Int+4 Dex+4}
Stlth    ..........             m - amulet of regeneration
HPRegen  0.62/turn              z - +5 ring of slaying
MPRegen  0.12/turn              (no ring)

@: no status effects
A: antennae 1, claws 2, hooves 1, demonic guardian 1, powered by death 1
a: Berserk, Trog's Hand, Brothers in Arms, Burn Spellbooks, Renounce Religion


You were on level 10 of the Dungeon.
You worshipped Trog.
Trog was extremely pleased with you.
You were not hungry.

You visited 1 branch of the dungeon, and saw 10 of its levels.

You collected 510 gold pieces.
You spent 117 gold pieces at shops.

Inventory:

Hand Weapons
 a - a +2 hand axe {first hand axe}
 e - a +0 club
 i - a +0 dagger
 s - a +0 war axe (weapon)
 x - a +5 flail of protection
Missiles
 d - 151 stones
 p - 57 poisoned needles (quivered)
Armour
 b - a +0 animal skin
 g - a +0 scale mail
 h - a +6 scale mail (worn)
 j - a +1 chain mail
 t - a +2 shield (worn)
 u - a +0 ring mail
 y - a +0 scale mail
 F - the +1 pair of boots "Jyffecia" (worn) {Str+4 Int+4 Dex+4}
   (You found it on level 8 of the Dungeon)

   It affects your strength (+4).
   It affects your intelligence (+4).
   It affects your dexterity (+4).
Jewellery
 m - an amulet of regeneration (around neck)
 w - an uncursed ring of fire
 z - a +5 ring of slaying (left claw)
 A - an uncursed amulet of harm
 D - an uncursed ring of protection from cold
 N - a +2 ring of dexterity {unknown}
Wands
 l - a wand of flame (62)
 B - a wand of disintegration (28)
 J - a wand of random effects (20)
 P - a wand of scattershot (5)
Scrolls
 f - 8 scrolls of identify
 k - 4 scrolls of fear
 v - a scroll of acquirement {unknown}
 C - 4 scrolls of remove curse
 E - a scroll of teleportation {unknown}
 H - a scroll of enchant armour
 I - a scroll of magic mapping {unknown}
 K - a scroll of noise {unknown}
 M - a scroll of immolation
 O - a scroll of blinking {unknown}
Potions
 n - 5 potions of curing
 o - 2 potions of might
 q - 5 potions of heal wounds
 r - a potion of ambrosia
 G - 4 potions of flight
 L - 4 potions of degeneration {unknown}
Comestibles
 c - 17 rations


   Skills:
 * Level 6.7 Fighting
 * Level 9.5(9.9) Axes
 * Level 4.5(7.6) Maces & Flails
 * Level 4.2 Throwing
 * Level 6.2 Armour
 * Level 4.9 Dodging
 + Level 1.6 Shields
 * Level 4.2 Unarmed Combat


You had 9 spell levels left.
You didn't know any spells.

Dungeon Overview and Level Annotations

Branches:
Dungeon (10/15)            Temple (0/1) D:5            Lair (0/6) D:8
    Orc: D:9-12

Altars:
Ru
Vehumet

Shops:
D:7 !

Annotations:
D:9 Maurice
D:10 Snorg


Innate Abilities, Weirdness & Mutations

You have a pair of small antennae on your head.
You have very sharp fingernails.
You have large cloven feet.
A weak demonic guardian rushes to your aid.
You regenerate a little health from kills.


Message History

You slash Snorg! You hit something but do no damage.
You block something's attack.
Your ufetubus closely misses Snorg.
Your ufetubus hits Snorg. Snorg bites your ufetubus!!
Your ufetubus dies!
The white ugly thing claws you but does no damage.
Snorg bites you! Snorg claws you! You block Snorg's attack.
You slice the white ugly thing!!
The white ugly thing is heavily wounded.
You slash Snorg! You block something's attack.
You block the white ugly thing's attack.
Snorg bites you!
* * * LOW HITPOINT WARNING * * *
Snorg claws you.
* * * LOW HITPOINT WARNING * * *
Snorg claws you.
* * * LOW HITPOINT WARNING * * *
The white ugly thing claws you.
* * * LOW HITPOINT WARNING * * *
The white ugly thing freezes you!!
You die...

##......#...## #...#
.........#.... ....8#
#...........
......#######.....##....
8.>......>........##....
................####....
....8............###....
......!uT........##.....
.......@{{..............
........................
.................###....
................## ##.##
...............## #.#
.........#..##.# #..
.##.........#..# ##
......###...## #. #..# .


You could see Snorg (berserk) and a white ugly thing.

Vanquished Creatures
  2 two-headed ogres (D:9)
  Joseph (D:7)
  The ghost of Lokiki the Covered, a novice MiFi of Okawaru (D:7)
  The ghost of oleggggg the Chopper, a novice MiFi (D:5)
  5 slime creatures (D:10)
  2 hippogriffs
  2 vampire mosquitoes (D:8)
  Duvessa (D:7)
  A water moccasin (D:9)
  An ice beast (D:8)
  A hell hound (D:8)
  An orc warrior (D:7)
  The ghost of Gargoyl the Skirmisher, an amateur CeAK of Lugonu (D:3)
  3 ogres
  4 centaurs
  A crocodile (D:9)
  A big kobold (D:8)
  A wyvern zombie (D:9)
  A water moccasin zombie (D:8)
  3 scorpions
  9 killer bees
  A howler monkey (D:7)
  2 crimson imps (D:7)
  3 hounds
  A jelly (D:6)
  A centaur skeleton (D:9)
  5 orc priests
  2 iguanas
  2 bullfrog skeletons
  A gnoll shaman (D:7)
  4 orc wizards
  5 worker ants
  A hound skeleton (D:6)
  A worker ant zombie (D:3)
  11 adders
  A gnoll (D:7)
  An adder zombie (D:5)
  2 worms
  4 dart slugs
  4 leopard geckos
  28 orcs
  5 giant cockroaches
  9 goblins
  14 hobgoblins
  14 jackals
  A quokka (D:8)
  5 bats
  4 frilled lizards
  10 kobolds
  A quokka skeleton (D:7)
  6 rats
  2 plants (D:3)
  4 toadstools (D:1)
198 creatures vanquished.

Vanquished Creatures (collateral kills)
  A slime creature (D:10)
  A vampire mosquito (D:8)
  A hell hound (D:8)
  An ice beast (D:8)
  A phantom (D:6)
  3 ogres
  Dowan (D:7)
  A scorpion (D:6)
  A howler monkey (D:7)
  A jelly (D:5)
  A hound (D:7)
  A worker ant (D:7)
  An iguana (D:10)
  An orc wizard (D:7)
  A gnoll (D:7)
  An adder (D:10)
18 creatures vanquished.

Vanquished Creatures (others)
  A gnoll (D:7)
1 creature vanquished.

Grand Total: 217 creatures vanquished

Notes
Turn   | Place    | Note
-------+----------+-------------------------------------------
     0 | D:1      | robveelben the Demonspawn Berserker began the quest for the Orb.
     0 | D:1      | Reached XP level 1. HP: 18/18 MP: 1/1
   402 | D:1      | Reached skill level 3 in Axes
   402 | D:1      | Gained mutation: You regenerate a little health from kills. [demonic ancestry]
   402 | D:1      | Reached XP level 2. HP: 6/24 MP: 2/2
  1194 | D:2      | Reached XP level 3. HP: 16/29 MP: 3/3
  1209 | D:2      | Reached ** piety under Trog
  1606 | D:2      | Gained mutation: You have large cloven feet. [demonic ancestry]
  1606 | D:2      | Reached XP level 4. HP: 35/35 MP: 4/4
  2382 | D:3      | HP: 1/36 [leopard gecko (2)]
  2386 | D:3      | Gained mutation: You have a pair of small antennae on your head. [demonic ancestry]
  2386 | D:3      | Reached XP level 5. HP: 12/42 MP: 5/5
  2541 | D:3      | Noticed Gargoyl's ghost (amateur CeAK)
  2576 | D:3      | Killed Gargoyl's ghost
  2576 | D:3      | Reached skill level 4 in Axes
  2576 | D:3      | Reached skill level 1 in Maces & Flails
  2576 | D:3      | Reached skill level 1 in Throwing
  2842 | D:3      | Reached *** piety under Trog
  2916 | D:3      | Found a sacrificial altar of Ru.
  2958 | D:3      | Gained mutation: A weak demonic guardian rushes to your aid. [demonic ancestry]
  2958 | D:3      | Reached XP level 6. HP: 48/48 MP: 6/6
  3301 | D:4      | Reached skill level 1 in Unarmed Combat
  3812 | D:5      | Entered Level 5 of the Dungeon
  4044 | D:5      | Noticed oleggggg's ghost (novice MiFi)
  4069 | D:5      | Killed oleggggg's ghost
  4069 | D:5      | Reached skill level 5 in Axes
  4069 | D:5      | Reached XP level 7. HP: 4/55 MP: 7/7
  4244 | D:5      | Reached **** piety under Trog
  4415 | D:5      | Found a staircase to the Ecumenical Temple.
  4981 | D:5      | Received a gift from Trog
  5243 | D:6      | Found a radiant altar of Vehumet.
  5320 | D:6      | Gained mutation: You have sharp fingernails. [demonic ancestry]
  5320 | D:6      | Reached XP level 8. HP: 61/61 MP: 8/8
  5676 | D:7      | Noticed Duvessa
  5677 | D:7      | Noticed Dowan
  5684 | D:7      | Killed Dowan
  5692 | D:7      | Killed Duvessa
  5758 | D:7      | Reached skill level 6 in Axes
  5769 | D:7      | Found Feimp's Distillery.
  5808 | D:7      | Bought a potion of heal wounds for 65 gold pieces
  5808 | D:7      | Bought a potion of might for 52 gold pieces
  5876 | D:7      | Reached skill level 5 in Fighting
  6163 | D:7      | Noticed Lokiki's ghost (novice MiFi)
  6183 | D:7      | Killed Lokiki's ghost
  6183 | D:7      | Reached XP level 9. HP: 47/68 MP: 9/9
  6513 | D:7      | Noticed Joseph
  6525 | D:7      | Killed Joseph
  6525 | D:7      | Reached skill level 7 in Axes
  6525 | D:7      | Reached skill level 5 in Armour
  6898 | D:7      | You fall through a shaft!
  7079 | D:8      | Found a staircase to the Lair.
  7128 | D:8      | Got a pair of slimy boots
  7139 | D:8      | Identified the +1 pair of boots "Jyffecia" {Str+4 Int+4 Dex+4} (You found it on level 8 of the Dungeon)
  7364 | D:8      | Received a gift from Trog
  7364 | D:8      | Reached skill level 8 in Axes
  7816 | D:9      | Gained mutation: You have very sharp fingernails. [demonic ancestry]
  7816 | D:9      | Reached XP level 10. HP: 68/76 MP: 10/10
  7884 | D:9      | Noticed a two-headed ogre
  7894 | D:9      | Killed a two-headed ogre
  7894 | D:9      | Reached skill level 1 in Shields
  7915 | D:9      | Reached ***** piety under Trog
  7995 | D:9      | Noticed Maurice
  8222 | D:9      | Noticed a two-headed ogre
  8233 | D:9      | Killed a two-headed ogre
  8233 | D:9      | Reached skill level 9 in Axes
  8324 | D:9      | Found a radiant altar of Vehumet.
  8481 | D:10     | Entered Level 10 of the Dungeon
  8677 | D:10     | Noticed Snorg
  8678 | D:10     | Noticed a white ugly thing
  8683 | D:10     | Annihilated by a white ugly thing

Skill      XL: |  1  2  3  4  5  6  7  8  9 10 |
---------------+-------------------------------+-----
Axes           | 3 4 5 6 8 9 |  9.5
Armour         | 2 3 4 5 6 |  6.2
Dodging        | 2 3 4 |  4.9
Maces & Flails | 1 2 3 4 |  4.5
Throwing       | 1 2 3 4 |  4.2
Unarmed Combat | 1 2 3 4 |  4.2
Fighting       | 4 5 6 |  6.7
Shields        | 1 |  1.6

Action                   |  1- 3 |  4- 6 |  7- 9 | 10-12 || total
-------------------------+-------+-------+-------+-------++-------
Melee: Hand axe          |   116 |   291 |    90 |       ||   497
       Kick              |       |   105 |    50 |       ||   155
       War axe           |       |       |   152 |   117 ||   269
       Punch             |       |       |     3 |       ||     3
Throw: Stone             |    12 |    40 |       |       ||    52
Invok: Berserk           |     2 |     3 |     4 |     1 ||    10
       Trog's Hand       |       |       |     1 |       ||     1
  Use: Scroll            |     1 |     9 |     6 |       ||    16
       Potion            |     1 |     4 |     4 |       ||     9
 Stab: Distracted        |       |       |     3 |     1 ||     4
  Eat: Ration            |     2 |     3 |     5 |     1 ||    11
Armor: Animal skin       |    11 |       |       |       ||    11
       Scale mail        |    24 |    90 |   149 |    55 ||   318
       Skin              |    20 |    23 |       |       ||    43
       Chain mail        |       |    37 |       |       ||    37
Dodge: Dodged            |    62 |   151 |   175 |    57 ||   445
Block: Shield            |       |       |    38 |   108 ||   146
